 Dungeon Crawl Stone Soup version 0.29.1-15-g9cfb28693d (webtiles) character file.

Game seed: 546615111803720727

65 protoss039 the Digger (level 3, 0/27 HPs)
             Began as a Demonspawn Earth Elementalist on Mar 12, 2023.
             Slain by a gnoll
             ... wielding a +0 halberd
              (2 damage)
             ... on level 3 of the Dungeon.
             The game lasted 00:02:15 (2267 turns).

protoss039 the Digger (DsEE)                        Turns: 2267, Time: 00:02:16

Health: 0/27       AC:  4    Str:  8    XL:     3   Next: 92%
Magic:  4/6        EV: 11    Int: 18    God:
Gold:   65         SH:  0    Dex: 13    Spells: 1/7 levels left

rFire   . . .      SeeInvis .   g - +0 dagger
rCold   . . .      Faith    .   (no shield)
rNeg    . . .      Spirit   .   q - +0 leather armour
rPois   .          Reflect  .   o - +0 helmet
rElec   .          Harm     .   (no cloak)
rCorr   .          Rampage  .   (no gloves)
Will    .....                   (no boots)
Stlth   ++........              (no amulet)
HPRegen 0.09/turn               e - ring of flight
MPRegen 0.10/turn               n - ring of wizardry

@: flying
A: weakness stinger 1, low MP 1
a: no special abilities


You were on level 3 of the Dungeon.
You visited 1 branch of the dungeon, and saw 3 of its levels.

You collected 65 gold pieces.

Inventory:

Hand Weapons
 g - a +0 dagger (weapon)
Armour
 o - a +0 helmet (worn)
 q - a +0 leather armour (worn)
Jewellery
 e - a ring of flight (left hand)
 n - a ring of wizardry (right hand)
Scrolls
 c - a scroll of fog {unknown}
 h - a scroll of fear {unknown}
 i - a scroll of noise {unknown}
 k - a scroll of silence {unknown}
 l - a scroll of identify {unknown}
 m - a scroll of vulnerability {unknown}
 p - a scroll of enchant weapon {unknown}
Potions
 b - a potion of magic
 d - a potion of attraction {unknown}
 f - a potion of mutation
 j - a potion of might {unknown}


   Skills:
 + Level 1.8 Fighting
 - Level 1.7 Dodging
 - Level 1.7 Stealth
 + Level 2.8 Spellcasting
 - Level 0.8 Transmutations
 + Level 3.3 Earth Magic


You had one spell level left.
You knew the following spells:

 Your Spells              Type           Power      Damage    Failure   Level
a - Sandblast             Erth           28%        2d8       2%          1
b - Passwall              Tmut/Erth      8%         N/A       6%          2
c - Stone Arrow           Conj/Erth      16%        3d8       16%         3

Your spell library contained the following spells:

 Spells                   Type           Power      Damage    Failure   Level
 Petrify                  Tmut/Erth      10%        N/A       38%         4


Dungeon Overview and Level Annotations

Branches:
Dungeon (3/15) Zot: 15707

Altars:

Shops:
D:1 (


Innate Abilities, Weirdness & Mutations

You have a small tail.
Your magical capacity is low. (-10% MP)


Message History

Casting: Sandblast (safe; 2% risk of failure)
Confirm with . or Enter, or press ? or * to list all spells.
Aiming: Sandblast (safe; 2% risk of failure)
Press: ? - help, Shift-Dir - straight line, f - gnoll
Aim: a gnoll, wielding a +0 flail (84% to hit)
The blast of sand hits the gnoll.
The gnoll is heavily wounded.
A gnoll comes into view. It is wielding a +0 whip.
The gnoll barely misses you.
Casting: Sandblast (safe; 2% risk of failure)
Confirm with . or Enter, or press ? or * to list all spells.
Aiming: Sandblast (safe; 2% risk of failure)
Press: ? - help, Shift-Dir - straight line, f/p - gnoll
Aim: a gnoll, wielding a +0 flail (heavily wounded, 84% to hit)
The blast of sand hits the gnoll.
The gnoll is severely wounded.
The gnoll hits you with a +0 flail. x2
Unknown command.
The gnoll attacks as you move away! The gnoll closely misses you.
Unknown command.
Unknown command.
Casting: Sandblast (safe; 2% risk of failure)
Confirm with . or Enter, or press ? or * to list all spells.
Aiming: Sandblast (safe; 2% risk of failure)
Press: ? - help, Shift-Dir - straight line, f - gnoll, p - gnoll
Aim: a gnoll, wielding a +0 halberd (84% to hit)
The blast of sand hits the gnoll!
You kill the gnoll!
An orc comes into view. It is wielding a +1 dagger of venom.
The gnoll hits you with a +0 flail.
The gnoll hits you from afar with a +0 halberd!
* * * LOW HITPOINT WARNING * * *
Unknown command.
Unknown command.
It was a potion of mutation.
You feel extremely strange.
You feel less energetic. The gnoll hits you with a +0 flail.
* * * LOW HITPOINT WARNING * * *
The gnoll hits you from afar with a +0 halberd.
You die...

#.# #......<...#
#.#..>.#.########
#.#..###.#
..##.##..######
####...........
#......#######
#...####.# ..#
##...# # #.@#.#
#g##..# #g###..#
#g.# #.# ...## .#
..#.# .# ... ..
## #.# #.


You could see 3 gnolls.

Vanquished Creatures
  A gnoll (D:3)
  2 adders
  An orc (D:2)
  4 endoplasms (D:1)
  A giant cockroach (D:2)
  2 hobgoblins
  3 jackals (D:2)
  A quokka (D:1)
  6 ball pythons
  3 bats (D:2)
  7 frilled lizards
  3 goblins (D:1)
  2 kobolds (D:2)
  2 rats
38 creatures vanquished.

Notes
Turn   | Place    | Note
-------+----------+-------------------------------------------
     0 | D:1      | protoss039 the Demonspawn Earth Elementalist began the
                  | quest for the Orb.
     0 | D:1      | Reached XP level 1. HP: 13/13 MP: 3/3
   337 | D:1      | Gained mutation: You have a small tail. [demonic ancestry]
   337 | D:1      | Reached XP level 2. HP: 20/20 MP: 1/5
   425 | D:1      | Reached skill level 3 in Earth Magic
   471 | D:1      | Found Yriros's Weapon Emporium.
   541 | D:1      | Found a faded altar of an unknown god.
   542 | D:1      | Noticed a shining eye
   543 | D:1      | Noticed a great orb of eyes
   544 | D:1      | Noticed a great orb of eyes
   544 | D:1      | Noticed a shining eye
   563 | D:1      | Reached skill level 1 in Fighting
   988 | D:1      | Learned a level 2 spell: Passwall
  1286 | D:2      | Reached XP level 3. HP: 21/26 MP: 0/6
  2042 | D:2      | Learned a level 3 spell: Stone Arrow
  2267 | D:3      | Gained mutation: Your magical capacity is low. (-10% MP)
                  | [potion of mutation]
  2267 | D:3      | Slain by a gnoll

Illustrated notes

Levels and vault maps discovered:
D:1:      dpeg_arrival_snail, layout_basic,
          hellmonk_ecumenical_altar_watching_god, serial_shops,
          nicolae_shop_bloodbath_and_beyond,
          nicolae_concentric_dashed_squares_mild
D:2:      layout_loops_ring
D:3:      layout_rooms

Skill      XL: |  1  2 |
---------------+-------+-----
Earth Magic    | 3 |  3.3
Fighting       | 1 |  1.8
Dodging        | |  1.7
Stealth        | |  1.7
Spellcasting   | |  2.8
Transmutations | |  0.8

Action                   || total
-------------------------++-------
Melee: Dagger            ||     8
       Tailslap          ||     2
 Cast: Sandblast         ||    53
  Use: Potion            ||     1
 Stab: Sleeping          ||     1
Armor: Robe              ||     7
       Leather armour    ||     2
Dodge: Dodged            ||    25
